[Event "Titled Tuesday Blitz April 11 Early 2023"]
[White "Brodowski, Piotr"]
[Black "Okike, David"]
[WhiteFideId "1124480"]
[BlackFideId "8500134"]
[WhiteElo "2351"]
[BlackElo "2232"]
[Result "1-0"]
[Round "01"]
[TimeControl "180+2"]
[Date "2023.04.11"]
[WhiteClock "0:00:21"]
[BlackClock "0:00:35"]

1. e4 c5 2. Nf3 Nc6 3. Bb5 g6 4. O-O Bg7 5. Re1 Nf6 6. c3 O-O 7. a4 Qc7 8. h3 h6 9. d4 cxd4 10. cxd4 d5 11. e5 Ne4 12. Nbd2 Bf5 13. Nf1 g5 14. Ne3 Be6 15. b3 a6 16. Bd3 Nb4 17. Bb2 Nxd3 18. Qxd3 Rac8 19. Nd2 Nxd2 20. Qxd2 Qb6 21. Ba3 Rfe8 22. Bc5 Qc7 23. Rac1 b6 24. Ba3 Qb7 25. g4 Bf8 26. f3 Rxc1 27. Rxc1 Rc8 28. h4 Rxc1+ 29. Qxc1 gxh4 30. Ng2 h3 31. Nf4 Qd7 32. Kh2 f6 33. Qe3 fxe5 34. Qxe5 Bf7 35. Nh5 Bxh5 36. Qxh5 e6 37. Bxf8 Kxf8 38. Qxh6+ Kg8 39. Qg6+ Kh8 40. Kxh3 b5 41. Qf6+ Kg8 42. Qg5+ Kh7 43. axb5 Qxb5 44. Qe7+ Kh8 45. Qxe6 Qxb3 46. Qf6+ Kg8 47. g5 Qd1 48. Qe6+ Kg7 49. Qxd5 Qh1+ 50. Kg3 Qe1+ 51. Kg4 Qg1+ 52. Kf5 Qb1+ 53. Qe4 Qb5+ 54. d5 Qd7+ 55. Qe6 Qb5 56. Qe7+ Kg8 57. Kf6 Qb2+ 58. Qe5 Qb6+ 59. Qe6+ 1-0


[Site "https://www.chess.com"]

[Event "Titled Tuesday Blitz April 11 Early 2023"]
[White "Van Osch, Mees"]
[Black "Amilal Munkhdalai"]
[WhiteFideId "1035967"]
[BlackFideId "4903250"]
[WhiteElo "2324"]
[BlackElo "2293"]
[Result "0-1"]
[Round "01"]
[TimeControl "180+2"]
[Date "2023.04.11"]
[WhiteClock "0:00:01"]
[BlackClock "0:00:18"]

1. e4 c5 2. Nf3 Nc6 3. d4 cxd4 4. Nxd4 Qc7 5. Nc3 e6 6. Be3 a6 7. f4 b5 8. Nxc6 Qxc6 9. a3 Bb7 10. Be2 d6 11. Bf3 Qc7 12. Qd4 Nf6 13. O-O-O Nd7 14. Kb1 Rc8 15. Rhe1 e5 16. Qd2 Be7 17. Bg4 Bf6 18. Qxd6 Qxd6 19. Rxd6 Rc7 20. Red1 Bc8 21. Nd5 Rb7 22. Bxd7+ Rxd7 23. Nxf6+ gxf6 24. Rxd7 Bxd7 25. Rd6 exf4 26. Bxf4 f5 27. exf5 Bxf5 28. Rxa6 O-O 29. Rb6 Rc8 30. Rxb5 Bxc2+ 31. Ka1 Be4 32. a4 Rc2 33. a5 f6 34. a6 Bxg2 0-1


[Site "https://www.chess.com"]

[Event "Titled Tuesday Blitz April 11 Early 2023"]
[White "Levitskiy, Andrey"]
[Black "Ronka, Erik"]
[WhiteFideId "14132885"]
[BlackFideId "505080"]
[WhiteElo "2341"]
[BlackElo "2264"]
[Result "1-0"]
[Round "01"]
[TimeControl "180+2"]
[Date "2023.04.11"]
[WhiteClock "0:00:06"]
[BlackClock "0:00:04"]

1. e4 c5 2. Nf3 d6 3. d4 cxd4 4. Nxd4 Nf6 5. Nc3 e6 6. g4 h6 7. h4 Nc6 8. Nb3 d5 9. Bg2 d4 10. Ne2 e5 11. g5 hxg5 12. Bxg5 Be6 13. f4 Bd6 14. O-O Qb6 15. Kh1 Ng4 16. fxe5 Be7 17. Qd2 Ne3 18. Bxe7 Kxe7 19. Rf4 g5 20. Rf6 Rxh4+ 21. Kg1 d3 22. Qxd3 Rd8 23. Ned4 Nxd4 24. Qxe3 Nxc2 25. Qxb6 axb6 26. Rc1 Bxb3 27. axb3 Nd4 28. Kf2 Ne6 29. Rf5 Rd4 30. Bf3 Rb4 31. Rc3 Rh2+ 32. Kg3 Rxb2 33. Bd1 Rd2 34. Bh5 Rxe4 35. Rxf7+ Ke8 36. Rc8+ Rd8 37. Rf4+ Ke7 38. Rf7+ Ke8 39. Rh7+ Kf8 40. Rxd8+ Nxd8 41. Rd7 Ne6 42. Rf7+ Ke8 43. Rf4+ Ke7 44. Rxe4 Nc5 45. Rb4 Ke6 46. Rxb6+ Kxe5 47. Rb5 Kd4 48. b4 Ne4+ 49. Kg4 Nd6 50. Rb6 Nc8 51. Rxb7 Kc4 52. Rc7+ Kxb4 53. Rxc8 1-0


[Site "https://www.chess.com"]

[Event "Titled Tuesday Blitz April 11 Early 2023"]
[White "Pourkashiyan, Atousa"]
[Black "Fishchuk, Vladyslav"]
[WhiteFideId "12502014"]
[BlackFideId "34122117"]
[WhiteElo "2228"]
[BlackElo "2082"]
[Result "0-1"]
[Round "01"]
[TimeControl "180+2"]
[Date "2023.04.11"]
[WhiteClock "0:00:01"]
[BlackClock "0:01:26"]

1. e4 c5 2. Nf3 Nf6 3. e5 Nd5 4. Nc3 e6 5. Nxd5 exd5 6. d4 Nc6 7. Be2 cxd4 8. O-O Bc5 9. a3 a5 10. Bd3 h6 11. Bd2 O-O 12. Qc1 d6 13. Re1 Bg4 14. Bxh6 Bxf3 15. Bg5 Qd7 16. Qf4 Bh5 17. Qh4 Qg4 18. exd6 Qxh4 19. Bxh4 Bxd6 20. h3 Bg6 21. Bxg6 fxg6 22. Rad1 Rae8 23. Bg5 Kf7 24. Rxe8 Rxe8 25. Kf1 a4 26. Rd3 Ke6 27. Rf3 Rf8 28. Rd3 Kf5 29. Bc1 Re8 30. Rf3+ Ke6 31. Rd3 Be5 32. h4 Bf6 33. g3 Kd6 0-1


[Site "https://www.chess.com"]

[Event "Titled Tuesday Blitz April 11 Early 2023"]
[White "Riff, Vincent"]
[Black "Krzywda, Andrzej"]
[WhiteFideId "617776"]
[BlackFideId "1114565"]
[WhiteElo "2369"]
[BlackElo "2155"]
[Result "1-0"]
[Round "01"]
[TimeControl "180+2"]
[Date "2023.04.11"]
[WhiteClock "0:00:49"]
[BlackClock "0:00:02"]

1. e4 e5 2. Nf3 Nf6 3. Nxe5 d6 4. Nf3 Nxe4 5. d3 Nf6 6. d4 g6 7. Bd3 Bg7 8. Qe2+ Qe7 9. Qxe7+ Kxe7 10. O-O Re8 11. Nc3 Bg4 12. Bg5 Bxf3 13. gxf3 Kd7 14. d5 a6 15. Rfe1 h6 16. Bh4 Rxe1+ 17. Rxe1 g5 18. Bg3 Kd8 19. f4 Nbd7 20. fxg5 hxg5 21. h4 gxh4 22. Bxh4 c6 23. Ne4 Kc7 24. dxc6 bxc6 25. b3 Nxe4 26. Bxe4 Re8 27. Kf1 Nc5 28. Bf5 Rxe1+ 29. Kxe1 Bc3+ 30. Ke2 d5 31. f3 Be5 32. Kd1 Ne6 33. Bd3 a5 34. a4 Nd4 35. Be1 Kb6 36. Be2 Nxe2 37. Kxe2 c5 38. Kd3 f5 39. Bh4 Bc7 40. Be7 Kc6 41. Bf8 Bb6 42. Ke3 Kd7 43. Kf4 Ke6 44. c4 d4 45. Kg3 Bc7+ 46. Kf2 Bb6 47. Ke2 Ke5 48. Bh6 Bd8 49. Kd3 Bb6 50. Bf8 Ke6 51. Bg7 Ba7 52. Bh6 Bb6 53. Bg5 Ke5 54. Ke2 Ke6 55. Bf4 Kf6 56. Kf2 Kg6 57. Kg3 Kh5 58. Bd6 Kg6 59. Kf4 Kf6 60. Be5+ Ke6 61. Bb8 Kf6 62. Bd6 Ke6 63. Be5 d3 64. Bc3 Bd8 65. Ke3 Bh4 66. Bxa5 d2 67. Kxd2 Ke5 68. Ke2 Kf4 69. Bc7+ Kg5 70. Bd8+ Kh5 71. Bxh4 Kxh4 72. a5 Kg3 73. a6 1-0


[Site "https://www.chess.com"]

[Event "Titled Tuesday Blitz April 11 Early 2023"]
[White "Gracia Alvarez, Gerardo Antonio"]
[Black "Weetik, Vjacheslav"]
[WhiteFideId "5109124"]
[BlackFideId "4153472"]
[WhiteElo "2160"]
[BlackElo "2469"]
[Result "0-1"]
[Round "01"]
[TimeControl "180+2"]
[Date "2023.04.11"]
[WhiteClock "0:00:02"]
[BlackClock "0:00:05"]

1. e4 c5 2. Nf3 Nc6 3. b4 cxb4 4. d4 d5 5. exd5 Qxd5 6. c4 Qh5 7. d5 Ne5 8. Nbd2 Nf6 9. Qa4+ Bd7 10. Qxb4 b6 11. Be2 e6 12. Qb3 Bc5 13. Bb2 Neg4 14. O-O O-O 15. h3 exd5 16. hxg4 Nxg4 17. cxd5 Rfe8 18. Qc3 f6 19. Bc4 Re3 20. Qc1 Rae8 21. g3 Qh3 22. Qd1 Re1 23. Qxe1 Qxg3+ 24. Kh1 Qh3+ 25. Kg1 Rxe1 26. Raxe1 Qg3+ 27. Kh1 Bxf2 28. d6+ Kf8 29. Re2 Qh3+ 0-1


[Site "https://www.chess.com"]

[Event "Titled Tuesday Blitz April 11 Early 2023"]
[White "Garcia Pantoja, Roberto"]
[Black "Rottenwohrer Suarez, Juan"]
[WhiteFideId "3509265"]
[BlackFideId "32068182"]
[WhiteElo "2542"]
[BlackElo "2174"]
[Result "1/2-1/2"]
[Round "01"]
[TimeControl "180+2"]
[Date "2023.04.11"]
[WhiteClock "0:00:21"]
[BlackClock "0:00:06"]

1. e4 c5 2. Nc3 g6 3. d4 cxd4 4. Qxd4 Nf6 5. Nf3 Nc6 6. Qa4 d6 7. e5 dxe5 8. Nxe5 Bd7 9. Nxd7 Qxd7 10. Be2 Bg7 11. O-O O-O 12. Bf4 a6 13. Rad1 Qf5 14. Be3 Rfd8 15. Bf3 b5 16. Qb3 Rdc8 17. Nd5 Nxd5 18. Rxd5 Qe6 19. c3 Na5 20. Qb4 Nc4 21. Bc1 Ne5 22. Rxe5 Qxe5 23. Bxa8 Rxa8 24. Rd1 h5 25. a4 Rc8 26. axb5 axb5 27. h3 Qe2 28. Qb3 b4 29. cxb4 Rc2 30. Rf1 Bd4 31. Be3 Bxe3 32. Qxe3 Qxe3 33. fxe3 Rxb2 34. Rf4 e5 35. Rc4 f5 36. h4 Kf7 37. Rc7+ Kf6 38. Rc6+ Kf7 39. Rb6 Re2 40. Rb7+ Kf6 41. Rb6+ Kf7 42. Rb7+ Kf6 43. b5 Rxe3 44. b6 Rb3 45. Rb8 e4 46. Kf2 f4 47. b7 Rb2+ 48. Kf1 Kg7 49. Ke1 g5 50. hxg5 h4 51. Re8 Rxb7 52. Rxe4 Rb5 53. Rxf4 Rxg5 54. Kf2 Rh5 55. Rf3 Kg6 56. Kg1 Kg5 57. Kh2 Rh8 58. Rb3 Re8 59. Rb5+ Kg4 60. Rb4+ Kg5 61. Rb3 Re5 62. Kh3 Rd5 63. Re3 Rc5 64. Rf3 Rb5 65. Rd3 Rc5 66. Rd4 Rc3+ 67. Kh2 Rb3 68. Re4 Rc3 69. Re5+ Kg4 70. Re8 Rb3 71. Rg8+ Kf4 72. Rg7 Rc3 73. Kg1 Rb3 74. Kf2 Rb2+ 75. Kg1 Rb3 76. Kh2 Rc3 77. Rf7+ Kg4 78. Rf8 Rb3 79. Rf3 Rxf3 80. gxf3+ Kxf3 81. Kh3 Kf4 82. Kxh4 1/2-1/2


[Site "https://www.chess.com"]

[Event "Titled Tuesday Blitz April 11 Early 2023"]
[White "Kabilov, Amin"]
[Black "Bocharov, Dmitry"]
[WhiteFideId "14700859"]
[BlackFideId "4138716"]
[WhiteElo "2110"]
[BlackElo "2469"]
[Result "0-1"]
[Round "01"]
[TimeControl "180+2"]
[Date "2023.04.11"]
[WhiteClock "0:00:12"]
[BlackClock "0:01:37"]

1. e4 c5 2. Nf3 Nc6 3. Nc3 Nf6 4. g3 d6 5. Bg2 g6 6. O-O Bg7 7. d4 cxd4 8. Nxd4 O-O 9. h3 Bd7 10. Be3 a6 11. Qe2 Rc8 12. Nxc6 Bxc6 13. Rfd1 Qa5 14. Nd5 Nxd5 15. exd5 Bb5 16. c4 Rxc4 17. Qd2 Qxd2 18. Rxd2 Rfc8 19. Kh2 Rc2 20. a4 Rxd2 21. Bxd2 Bd3 22. Ra3 Bc2 23. b4 Bd4 24. f4 f5 25. a5 Be4 26. Bxe4 fxe4 27. Ra2 e3 28. Be1 Kf7 29. Re2 e6 30. dxe6+ Kxe6 31. Kg2 Ba7 32. Kf3 d5 33. g4 d4 34. Rb2 Kd5 35. b5 Bc5 36. bxa6 bxa6 37. Rb7 d3 38. Rd7+ Kc4 39. Rxh7 d2 40. Bxd2 exd2 41. Ke2 Bb4 42. Kd1 Re8 0-1


[Site "https://www.chess.com"]

[Event "Titled Tuesday Blitz April 11 Early 2023"]
[White "Makhnev, Denis"]
[Black "Golubev, Mikhail"]
[WhiteFideId "13707647"]
[BlackFideId "14100983"]
[WhiteElo "2515"]
[BlackElo "2374"]
[Result "0-1"]
[Round "01"]
[TimeControl "180+2"]
[Date "2023.04.11"]
[WhiteClock "0:00:19"]
[BlackClock "0:00:38"]

1. Nf3 d6 2. c4 g6 3. g3 Bg7 4. Bg2 e5 5. O-O Nc6 6. Nc3 f5 7. Rb1 a5 8. a3 h6 9. b4 axb4 10. axb4 e4 11. Ne1 Nf6 12. d3 exd3 13. Nxd3 O-O 14. b5 Ne5 15. c5 Nxd3 16. Qxd3 dxc5 17. Qc4+ Kh7 18. Qxc5 Rf7 19. Rd1 Qe8 20. Bf4 Ne4 21. Nxe4 fxe4 22. Bxc7 Bg4 23. Rd2 e3 24. Rc2 exf2+ 25. Kf1 Bf5 0-1


[Site "https://www.chess.com"]

[Event "Titled Tuesday Blitz April 11 Early 2023"]
[White "krucki03"]
[Black "Javakhadze, Zurab"]
[BlackFideId "13603647"]
[WhiteElo "2396"]
[BlackElo "2381"]
[Result "0-1"]
[Round "01"]
[TimeControl "180+2"]
[Date "2023.04.11"]
[WhiteClock "0:00:05"]
[BlackClock "0:00:10"]

1. e4 e5 2. Nf3 Nc6 3. Nc3 Nf6 4. a3 d6 5. d4 Bg4 6. Bb5 exd4 7. Qxd4 Be7 8. e5 dxe5 9. Qxd8+ Rxd8 10. Nxe5 O-O 11. Bxc6 bxc6 12. Nxc6 Rde8 13. Nxe7+ Rxe7+ 14. Be3 Rb8 15. O-O Rxb2 16. Rab1 Rxc2 17. Nd5 Re8 18. Nxf6+ gxf6 19. Bxa7 Ra8 20. Bd4 Kg7 21. Rb3 Ra4 22. Bb2 h5 23. h3 Be2 24. Rc1 Rxc1+ 25. Bxc1 f5 26. Rc3 Bc4 27. Bf4 c6 28. Be5+ f6 29. Bd6 Bd5 30. Bb4 Kf7 31. Re3 Ra7 32. f4 Be4 33. Re2 Rd7 34. Rd2 Rb7 35. Rd1 Rb5 36. Rc1 Rd5 37. Kf2 Rd3 38. Rc3 Rd2+ 39. Ke3 Rxg2 40. a4 Ra2 41. a5 Ke6 42. Kd4 Kd7 43. Kc5 Kc7 44. Rg3 Rc2+ 45. Rc3 Rd2 46. a6 Rd5+ 47. Kc4 Kb6 48. Ra3 c5 49. a7 Rd4+ 50. Kc3 cxb4+ 51. Kxd4 bxa3 0-1


[Site "https://www.chess.com"]

[Event "Titled Tuesday Blitz April 11 Early 2023"]
[White "Schmakel, Sam"]
[Black "ArtemDyachuk"]
[WhiteFideId "2039311"]
[WhiteElo "2356"]
[BlackElo "2395"]
[Result "1-0"]
[Round "01"]
[TimeControl "180+2"]
[Date "2023.04.11"]
[WhiteClock "0:00:23"]
[BlackClock "0:00:04"]

1. Nf3 Nf6 2. g3 c5 3. Bg2 g6 4. O-O Bg7 5. c4 O-O 6. d4 cxd4 7. Nxd4 Qc7 8. b3 Nc6 9. Bb2 d6 10. Nc3 Nxd4 11. Qxd4 Be6 12. Rac1 Qa5 13. Qd2 Qh5 14. Rfd1 Ng4 15. h3 Ne5 16. f4 Nc6 17. g4 Qh4 18. Nd5 h5 19. g5 Bxh3 20. Bxg7 Qg3 21. e3 Kxg7 22. Qf2 Qxg2+ 23. Qxg2 Bxg2 24. Kxg2 Rac8 25. Rc3 Rfd8 26. Rcd3 e6 27. Nf6 d5 28. cxd5 Nb4 29. R3d2 Nxd5 30. Nxd5 Rxd5 31. Rxd5 exd5 32. Kf3 Rc5 33. b4 Rb5 34. Rd4 a5 35. bxa5 Rxa5 36. a4 Kf8 37. f5 Ke7 38. Kf4 Kd6 39. e4 Ke7 40. fxg6 fxg6 41. exd5 Kd6 42. Ke4 Ra8 43. Rb4 Ra5 44. Rb6+ Kc5 45. Rxg6 Rxa4+ 46. Ke5 Ra1 47. d6 Re1+ 48. Kf5 b5 49. d7 Rd1 50. Ke6 b4 51. Rg8 Re1+ 52. Kf6 Rf1+ 53. Kg6 Rd1 54. d8=Q Rxd8 55. Rxd8 h4 56. Rh8 b3 57. Rxh4 b2 58. Rh1 Kc4 59. Kf6 Kc3 60. g6 1-0


[Site "https://www.chess.com"]

[Event "Titled Tuesday Blitz April 11 Early 2023"]
[White "Valle Maytin, Luis Enrique"]
[Black "Manukyan, Sargis A."]
[WhiteFideId "3503666"]
[BlackFideId "13303970"]
[WhiteElo "2225"]
[BlackElo "2187"]
[Result "0-1"]
[Round "01"]
[TimeControl "180+2"]
[Date "2023.04.11"]
[WhiteClock "0:01:05"]
[BlackClock "0:01:46"]

1. d4 d5 2. Nf3 Nf6 3. e3 e6 4. Bd3 Be7 5. O-O O-O 6. Nbd2 b6 7. b3 Bb7 8. Bb2 Nbd7 9. Ne5 Ne4 10. f3 Nxd2 11. Qxd2 Nxe5 12. dxe5 c5 13. Qe2 Qc7 14. c4 dxc4 15. bxc4 Rfd8 16. Rad1 Rd7 17. Qc2 g6 18. Rd2 Rad8 19. Rfd1 Bc6 20. Bc3 Qb7 21. Kf2 Qa6 22. Be2 Ba4 23. Rxd7 Rxd7 24. Rxd7 Bxc2 25. Rxe7 Qxa2 26. e4 Bd3 0-1


[Site "https://www.chess.com"]

[Event "Titled Tuesday Blitz April 11 Early 2023"]
[White "Jaferian, Koosha"]
[Black "Tarasova, Viktoriya"]
[WhiteFideId "12507440"]
[BlackFideId "4175840"]
[WhiteElo "2073"]
[BlackElo "2182"]
[Result "1/2-1/2"]
[Round "01"]
[TimeControl "180+2"]
[Date "2023.04.11"]
[WhiteClock "0:00:31"]
[BlackClock "0:00:04"]

1. Nf3 Nf6 2. b3 g6 3. Bb2 Bg7 4. g3 b6 5. Bg2 Bb7 6. O-O O-O 7. c4 c5 8. d4 cxd4 9. Nxd4 Bxg2 10. Kxg2 Qc8 11. Nc3 Qb7+ 12. f3 Nc6 13. e4 d6 14. Rc1 Rac8 15. Nde2 Rfd8 16. Qd2 a6 17. Nd5 Nxd5 18. cxd5 Ne5 19. f4 Nd7 20. Bxg7 Kxg7 21. Qd4+ Kg8 22. h4 Rxc1 23. Rxc1 Rc8 24. h5 Rxc1 25. Nxc1 Qc7 26. h6 f6 27. Ne2 Qc2 28. Kf3 Qxa2 29. Qc3 Nc5 30. b4 Nd7 31. Nd4 Qb1 32. Ne6 Qd1+ 33. Kf2 Kf7 34. Nd8+ Ke8 35. Ne6 Kf7 36. Ng5+ fxg5 37. Qg7+ Ke8 38. Qxh7 Qd2+ 39. Kf1 Qd1+ 40. Kf2 Qd2+ 41. Kg1 Qe1+ 42. Kg2 Qe2+ 43. Kh3 Qh5+ 44. Kg2 Qe2+ 45. Kh3 Qh5+ 46. Kg2 Qe2+ 1/2-1/2


[Site "https://www.chess.com"]

[Event "Titled Tuesday Blitz April 11 Early 2023"]
[White "Manon-og, Ramon Jr."]
[Black "HSH1987"]
[WhiteFideId "5200776"]
[WhiteElo "2386"]
[BlackElo "2703"]
[Result "1-0"]
[Round "01"]
[TimeControl "180+2"]
[Date "2023.04.11"]
[WhiteClock "0:00:16"]
[BlackClock "0:00:03"]

1. e4 e5 2. Nf3 Nc6 3. Bc4 Be7 4. O-O Nf6 5. Re1 O-O 6. c3 d6 7. h3 Be6 8. Bf1 d5 9. exd5 Qxd5 10. c4 Qd6 11. Nc3 a6 12. b3 Rad8 13. Bb2 Qc5 14. d3 Bf5 15. a4 Rfe8 16. Ba3 Qa5 17. Qc2 Bxa3 18. Rxa3 Nb4 19. Qc1 Bxd3 20. Rd1 Bxf1 21. Rxd8 Rxd8 22. Qxf1 Nc2 23. Ra2 Qxc3 24. Qc1 Qxb3 25. Rxc2 e4 26. Ne5 Qxa4 27. Qb2 Qe8 28. Re2 b6 29. g4 h6 30. Nf3 Qd7 31. Nh4 a5 32. Nf5 Qd1+ 33. Kg2 Qd7 34. Nxh6+ gxh6 35. Qxf6 Qe6 36. Qxd8+ Kg7 37. Qxc7 a4 38. f3 exf3+ 39. Kxf3 Qf6+ 40. Kg3 a3 41. Rf2 Qe6 42. Qf4 b5 43. cxb5 a2 44. Rf1 Qb3+ 45. Kh4 Qe6 46. Qd4+ Kh7 47. b6 h5 48. gxh5 f5 49. b7 Qb3 50. Rg1 Qxb7 51. Qa1 Qe7+ 52. Kg3 Qe3+ 53. Kh2 Qf2+ 54. Rg2 Qf4+ 55. Kh1 Qf3 56. Qxa2 Qf1+ 57. Kh2 Qf4+ 58. Kg1 Qe3+ 59. Rf2 Qg3+ 60. Kf1 Qxh3+ 61. Ke1 Qh1+ 62. Kd2 Qe4 63. Kc1 Qe3+ 64. Rd2 Qe1+ 65. Kc2 Qe4+ 66. Kb2 Qb4+ 67. Ka1 Qc3+ 68. Qb2 Qa5+ 69. Kb1 Qa6 70. Rd7+ Kh6 71. Qg7+ Kxh5 72. Qh7+ Kg4 73. Rg7+ Kf3 74. Qxf5+ Ke2 75. Re7+ Kd2 76. Qd5+ Kc3 77. Rc7+ Kb4 78. Rb7+ Ka4 79. Qb3+ Ka5 80. Qb4# 1-0


[Site "https://www.chess.com"]

[Event "Titled Tuesday Blitz April 11 Early 2023"]
[White "Koridze, Lile"]
[Black "Kosteniuk, Alexandra"]
[WhiteFideId "13612514"]
[BlackFideId "4128125"]
[WhiteElo "2047"]
[BlackElo "2453"]
[Result "0-1"]
[Round "01"]
[TimeControl "180+2"]
[Date "2023.04.11"]
[WhiteClock "0:02:02"]
[BlackClock "0:00:32"]

1. d4 f5 2. c4 Nf6 3. g3 g6 4. Bg2 Bg7 5. Nh3 e6 6. O-O O-O 7. Nc3 d6 8. Nf4 g5 9. Nd3 Ng4 10. e3 Qe8 11. h3 Nf6 12. Qc2 Nc6 13. a3 Qg6 14. d5 Nd8 15. dxe6 Nxe6 16. Nd5 Rf7 17. Rb1 c6 18. Nxf6+ Bxf6 19. b4 f4 20. exf4 Nd4 21. Qd1 Bf5 22. fxg5 Bxd3 23. gxf6 Ne2+ 24. Kh2 Nc3 25. Qb3 Nxb1 26. Re1 Rxf6 27. Be3 Raf8 28. Qb2 h5 29. h4 R6f7 30. Rd1 Bf5 31. Bf4 Rf6 32. Bg5 Re6 33. Bf4 Rfe8 34. b5 Re2 35. Qd4 Qg7 36. Qxd6 Nc3 37. Bh6 Qg6 38. Rd4 Qxd6 39. Rxd6 Rxf2 40. bxc6 bxc6 0-1


[Site "https://www.chess.com"]

[Event "Titled Tuesday Blitz April 11 Early 2023"]
[White "Petrov, Martin"]
[Black "Carre, Sylvain"]
[WhiteFideId "2911086"]
[BlackFideId "642118"]
[WhiteElo "2430"]
[BlackElo "2105"]
[Result "1-0"]
[Round "01"]
[TimeControl "180+2"]
[Date "2023.04.11"]
[WhiteClock "0:00:41"]
[BlackClock "0:00:02"]

1. Nf3 d5 2. e3 Nf6 3. d4 Bf5 4. c4 c6 5. Nc3 e6 6. Bd3 Bxd3 7. Qxd3 Nbd7 8. O-O Be7 9. e4 dxe4 10. Nxe4 Nxe4 11. Qxe4 Nf6 12. Qe2 Qc7 13. Bg5 h6 14. Bh4 g5 15. Bg3 Bd6 16. Rfd1 Rd8 17. Rac1 Bxg3 18. hxg3 O-O 19. Ne5 Kg7 20. b4 Rh8 21. a4 Nd7 22. Nd3 Nf6 23. Ne5 Nd7 24. f4 Nxe5 25. fxe5 Qe7 26. b5 h5 27. Rd3 h4 28. Qg4 Rh6 29. Rf1 hxg3 30. Rxg3 Rg6 31. Rgf3 Rh8 32. bxc6 bxc6 33. Rxf7+ Qxf7 34. Rxf7+ Kxf7 35. Qf3+ Kg7 36. Qxc6 g4 37. Qd7+ Kh6 38. d5 Rf8 39. dxe6 Rf5 40. e7 Rxe5 41. e8=Q Rxe8 42. Qxe8 1-0


[Site "https://www.chess.com"]

[Event "Titled Tuesday Blitz April 11 Early 2023"]
[White "Sliwicki, Damian"]
[Black "Nazari, Arad"]
[WhiteFideId "1127128"]
[BlackFideId "12577324"]
[WhiteElo "2030"]
[BlackElo "2242"]
[Result "0-1"]
[Round "01"]
[TimeControl "180+2"]
[Date "2023.04.11"]
[WhiteClock "0:00:03"]
[BlackClock "0:00:09"]

1. e4 c5 2. Nf3 d6 3. d4 cxd4 4. Qxd4 Nc6 5. Bb5 Bd7 6. Bxc6 Bxc6 7. Nc3 e6 8. Bg5 Nf6 9. O-O-O Be7 10. Kb1 O-O 11. Rhe1 Qa5 12. Qd2 Rfc8 13. Bxf6 Bxf6 14. Nd5 Qxd2 15. Nxf6+ gxf6 16. Rxd2 Rd8 17. Nd4 Kf8 18. Nxc6 bxc6 19. Re3 Ke7 20. b3 Rg8 21. f4 d5 22. g3 Rad8 23. exd5 cxd5 24. Kb2 h5 25. Rd4 h4 26. Ra4 Rd7 27. gxh4 Rg4 28. f5 Rxa4 29. bxa4 Kd6 30. h5 Rd8 31. fxe6 fxe6 32. Rb3 Rh8 33. Rb7 Rxh5 34. Rxa7 Rxh2 35. a5 Rh8 36. a6 Rb8+ 37. Kc3 Rb6 38. a4 f5 39. a5 Rc6+ 40. Kb4 Rxc2 41. Rf7 Rb2+ 42. Kc3 Rb8 43. a7 Ra8 44. a6 Kc5 45. Rb7 e5 46. Kd3 f4 47. Rc7+ Kd6 48. Rb7 f3 49. Ke3 e4 50. Rf7 Ke5 51. Re7+ Kf6 52. Rh7 Ke6 53. Rh6+ Ke5 54. Rh5+ Kd6 55. Rh6+ Kc5 56. Rh7 Rf8 57. Rb7 f2 58. Rb8 Rf3+ 59. Kd2 f1=Q 60. Rc8+ Kd4 61. a8=Q Rf2# 0-1


[Site "https://www.chess.com"]

[Event "Titled Tuesday Blitz April 11 Early 2023"]
[White "Aldokhin, Ivan"]
[Black "Buscar, Michael"]
[WhiteFideId "24115720"]
[BlackFideId "2603616"]
[WhiteElo "2322"]
[BlackElo "2010"]
[Result "1-0"]
[Round "01"]
[TimeControl "180+2"]
[Date "2023.04.11"]
[WhiteClock "0:00:10"]
[BlackClock "0:00:02"]

1. e4 c5 2. Nf3 Nc6 3. d4 cxd4 4. Nxd4 Nf6 5. Nc3 e5 6. Ndb5 h6 7. Nd5 Nxd5 8. exd5 a6 9. dxc6 axb5 10. cxd7+ Bxd7 11. Bd3 Qc7 12. O-O Be7 13. Qe2 b4 14. Qe4 f5 15. Qd5 Ra5 16. Qb3 Qb6 17. Be3 Qg6 18. Bc4 f4 19. Bd2 Ba4 20. Qh3 Bd7 21. Qd3 e4 22. Qd4 f3 23. g3 Rh5 24. Rfe1 Bf5 25. Bb5+ Kf8 26. Bxb4 Qg4 27. Qd8+ Kf7 28. Bc4+ Kg6 29. Qxh8 Rxh2 30. Qe8+ Kg5 31. Bxe7# 1-0


[Site "https://www.chess.com"]

[Event "Titled Tuesday Blitz April 11 Early 2023"]
[White "Marcziter, Dmitrii"]
[Black "Rendle, Thomas E"]
[WhiteFideId "13900765"]
[BlackFideId "408760"]
[WhiteElo "2162"]
[BlackElo "2428"]
[Result "1-0"]
[Round "01"]
[TimeControl "180+2"]
[Date "2023.04.11"]
[WhiteClock "0:00:23"]
[BlackClock "0:00:07"]

1. e4 e6 2. d4 d5 3. e5 c5 4. c3 Nc6 5. Nf3 Qb6 6. a3 c4 7. Nbd2 Na5 8. Rb1 Bd7 9. b4 cxb3 10. c4 Ba4 11. Bb2 dxc4 12. Nxc4 Nxc4 13. Bxc4 Rc8 14. Qd3 Ne7 15. O-O Nc6 16. Rfc1 Be7 17. d5 exd5 18. Qxd5 O-O 19. Qe4 Rcd8 20. Bd3 Rxd3 21. Qxd3 Rd8 22. Qe4 Qa6 23. Rd1 Re8 24. h4 Bb5 25. Ng5 Bxg5 26. hxg5 Be2 27. Rd2 Bh5 28. Re1 Qa5 29. Rd5 Qb6 30. Qe3 Qa6 31. Qxb3 Bg4 32. Qe3 Be6 33. Rd2 Qb5 34. Red1 Na5 35. Rd8 Nc4 36. Rxe8+ Qxe8 37. Qd4 Nxb2 38. Qxb2 h6 39. gxh6 gxh6 40. Qxb7 Qa4 41. Rd8+ Kh7 42. Qb8 Qf4 43. Rh8+ Kg6 44. Qg8+ Kh5 45. Qg3 Qxg3 46. fxg3 a6 47. Ra8 Bc4 48. Kf2 Kg5 49. Ke3 Kg4 50. Rg8+ Kf5 51. Kd4 Bf1 52. g4+ Kf4 53. Rg7 Bxg2 54. Rxf7+ Kxg4 55. e6 Bc6 56. e7 h5 57. Rf8 h4 58. e8=Q 1-0


[Site "https://www.chess.com"]

[Event "Titled Tuesday Blitz April 11 Early 2023"]
[White "Tan, Zhongyi"]
[Black "Mbonu, David"]
[WhiteFideId "8603642"]
[BlackFideId "30927420"]
[WhiteElo "2519"]
[BlackElo "2367"]
[Result "1-0"]
[Round "01"]
[TimeControl "180+2"]
[Date "2023.04.11"]
[WhiteClock "0:00:08"]
[BlackClock "0:00:05"]

1. d4 Nf6 2. c4 e6 3. Nc3 Bb4 4. Nf3 O-O 5. e3 d5 6. Bd2 Re8 7. Bd3 b6 8. cxd5 exd5 9. O-O Bb7 10. Ne5 a6 11. Qf3 Nbd7 12. Nxd7 Qxd7 13. Rac1 Bd6 14. Rfd1 Ne4 15. Be1 Re6 16. Qh3 Qe7 17. g3 Rh6 18. Qg2 Re8 19. Nxe4 dxe4 20. Be2 Bc8 21. h4 g5 22. h5 g4 23. a3 Rxh5 24. Bb4 Rd8 25. Rc2 Qf6 26. Rdc1 c5 27. dxc5 bxc5 28. Bxc5 Bxc5 29. Rxc5 Rxc5 30. Rxc5 Bf5 31. Qf1 Rd2 32. Bxa6 Rxb2 33. Bc8 Bxc8 34. Rxc8+ Kg7 35. Rc4 h5 36. Rxe4 Qc6 37. Rd4 Rc2 38. Rd1 Qf3 39. Ra1 h4 40. Qg2 hxg3 41. Qxg3 Qe2 42. a4 Rd2 43. a5 Rd1+ 44. Rxd1 Qxd1+ 45. Kh2 Qd7 46. Qe5+ Kg8 47. a6 Kf8 48. Kg3 Qa7 49. Qd6+ Kg8 50. Kxg4 1-0


[Site "https://www.chess.com"]

[Event "Titled Tuesday Blitz April 11 Early 2023"]
[White "KorolDimitriy75"]
[Black "Vetoshko, Volodymyr"]
[BlackFideId "14122480"]
[WhiteElo "2366"]
[BlackElo "2422"]
[Result "1/2-1/2"]
[Round "01"]
[TimeControl "180+2"]
[Date "2023.04.11"]
[WhiteClock "0:00:03"]
[BlackClock "0:00:06"]

1. d4 d5 2. c4 e6 3. Nc3 a6 4. e3 Nf6 5. Nf3 dxc4 6. Bxc4 b5 7. Bb3 Bb7 8. O-O Nbd7 9. Qe2 c5 10. Rd1 Be7 11. e4 cxd4 12. Nxd4 Qb8 13. f3 O-O 14. Be3 Ne5 15. Rac1 Rc8 16. a3 Nc4 17. Bxc4 Rxc4 18. Rc2 Qc7 19. Rdc1 Rc8 20. Qf2 Qe5 21. Nde2 h6 22. g3 Qb8 23. Kg2 Qa8 24. Kg1 Qb8 25. Kg2 g5 26. h3 Kh7 27. Kg1 a5 28. Nd4 b4 29. axb4 axb4 30. Ncb5 Rxc2 31. Rxc2 Rxc2 32. Nxc2 Qe5 33. Ncd4 Kg7 34. Kg2 Nxe4 35. fxe4 Qxe4+ 36. Kf1 Qb1+ 37. Qe1 Qd3+ 38. Kf2 Qe4 39. Qe2 Qg2+ 40. Ke1 Qxg3+ 41. Kd2 Qe5 42. Qd3 Qd5 43. Nc7 Qg2+ 44. Qe2 Qe4 45. Ncb5 Bf6 46. Qd3 Qg2+ 47. Qe2 Qxh3 48. Qf2 Qg4 49. Nc7 Qe4 50. Ne8+ Kg6 51. Nxf6 Qb1 52. Ne8 Qxb2+ 53. Ke1 Qb1+ 54. Kd2 Qb2+ 55. Ke1 Qb1+ 56. Kd2 Be4 57. Qf6+ Kh5 58. Qxf7+ Kg4 59. Nf6+ Kg3 60. Nxe4+ Qxe4 61. Qf2+ Kg4 62. Qe2+ Kh3 63. Qf1+ Qg2+ 64. Qxg2+ Kxg2 65. Nxe6 Kf3 66. Nxg5+ hxg5 67. Bxg5 b3 68. Bf6 b2 69. Bxb2 1/2-1/2


[Site "https://www.chess.com"]